 Dungeon Crawl Stone Soup version 0.31-a0-175-g9f7f995f2b (webtiles) character file.

Game seed: 18374068600997977475

1877 qw the Cleaver (level 9, -2/55 HPs)
             Began as a Gargoyle Fighter on June 16, 2023.
             Slain by a wight
             ... wielding a +2 falchion
              (6 damage)
             ... on level 7 of the Dungeon.
             The game lasted 00:02:05 (5840 turns).

qw the Cleaver (Gargoyle Fighter)                   Turns: 5840, Time: 00:02:05

Health: -2/55      AC: 21    Str: 23    XL:     9   Next: 14%
Magic:  9/9        EV:  5    Int: 10    God:
Gold:   346        SH:  8    Dex:  9    Spells: 8/8 levels left

rFire   . . .        Y - +0 broad axe (venom)
rCold   . . .        r - +0 kite shield
rNeg    + . .        o - +0 plate armour
rPois   inf          (no helmet)
rElec   +            g - +0 cloak
rCorr   .            (no gloves)
SInv    .            n - +0 pair of boots
Will    +....        (no amulet) Stlth
                     p - ring of willpower
HPRegen 0.29/turn    (no ring)
MPRegen 0.11/turn

%: no passive effects
@: about to teleport
A: sickness immunity, AC +6, negative energy resistance 1, electricity
resistance, torment resistance 1, petrification resistance
a: no special abilities


You were on level 7 of the Dungeon.
You visited 1 branch of the dungeon, and saw 7 of its levels.

You collected 346 gold pieces.


Innate Abilities, Weirdness & Mutations

You are immune to sickness and miasma.
Your stone body is resilient. (AC +6)
You are immune to poison.
You resist negative energy. (rN+)
You are resistant to electric shocks. (rElec)
You are resistant to unholy torment.
You are immune to petrification.


   Skills:
 - Level 6.1 Fighting
 - Level 8.6 Axes
 - Level 1.5 Throwing
 - Level 5.0 Armour
 - Level 1.4 Dodging
 + Level 4.4 Shields


You had 8 spell levels left.
You didn't know any spells.
Your spell library was empty.

Inventory:

Hand Weapons
 h - a +0 flail
 Y - a +0 broad axe of venom (weapon)
Armour
 g - a +0 cloak (worn)
 n - a +0 pair of boots (worn)
 o - a +0 plate armour (worn)
 r - a +0 kite shield (worn)
Jewellery
 p - a ring of willpower (left hand)
Scrolls
 b - 3 scrolls of teleportation
 i - 2 scrolls of identify
Potions
 d - 2 potions of might
 e - a potion of attraction {unknown}
 f - a potion of resistance {unknown}
 j - a potion of haste {unknown}
 k - a potion of heal wounds {unknown}
 l - a potion of magic {unknown}
 m - 2 potions of curing
 q - a potion of ambrosia {unknown}

Dungeon Overview and Level Annotations

Branches:
Dungeon (7/15)
 Temple: D:4-7

Altars:
Elyvilon
Hepliaklqana
Trog


Message History

You hit the wight.
The wight is moderately damaged.
You block the wight's attack. The wight hits you but does no damage.
You hit the wight but do no damage.
The wight is moderately damaged.
The wight hits you but does no damage. x2; You block the wight's attack.
The wight hits you but does no damage.
A wight comes into view. It is wielding a +5 spear.
You barely miss the wight.
The wight is moderately damaged.
You closely miss the wight. You block the wight's attack.
The wight hits you with a +2 falchion. You block the wight's attack.
You hit the wight but do no damage.
The wight is moderately damaged.
You closely miss the wight.
A wight comes into view. It is wielding a +4 long sword.
The wight completely misses you. You block the wight's attack.
The wight hits you but does no damage.
You hit the wight.
The wight is moderately damaged.
You closely miss the wight.
The wight hits you from afar with a +2 halberd.
The wight hits you with a +1 morningstar of protection.
5838 ||| READING 4 scrolls of teleportation.
As you read the scroll of teleportation, it crumbles to dust.
You feel strangely unstable.
The wight hits you but does no damage. x2
The wight hits you with a +2 falchion.
You hit the wight but do no damage.
The wight is moderately damaged.
You hit the wight but do no damage. You block the wight's attack.
The wight hits you but does no damage.
You closely miss the wight.
The wight is moderately damaged.
You closely miss the wight. The wight hits you but does no damage.
You block the wight's attack.
The wight hits you but does no damage. x2; You block the wight's attack.
The wight hits you with a +2 falchion.
You die...

#.........#.........
#.........#........
#######..........#
###.#.#....#
#.#.#..# #......#
####...## #......#
##@..#### #zz###
o.....zz.#
#.....z....
###....#.#...
........#.....
...$...... ....
.......... .###
.......##.. #


You could see 5 wights.

Vanquished Creatures
  A wyvern (D:4)
  A steam dragon (D:6)
  3 orc warriors
  A sky beast (D:6)
  2 ogres (D:5)
  2 phantoms
  A kobold brigand (D:6)
  A bullfrog (D:4)
  4 scorpions
  A howler monkey (D:5)
  4 hounds
  Ijyb (D:3)
  4 iguanas
  2 orc wizards
  8 gnolls
  6 adders
  A shadow imp (D:6)
  A white imp (D:7)
  A worm (D:2)
  2 dart slugs
  16 orcs
  3 bats
  7 endoplasms
  4 giant cockroaches
  6 goblins
  6 hobgoblins
  4 quokkas
  5 ball pythons
  A frilled lizard (D:1)
  7 kobolds
  4 rats
110 creatures vanquished.

Notes
Turn   | Place    | Note
-------+----------+-------------------------------------------
     0 | D:1      | qw the Gargoyle Fighter began the quest for the Orb.
     0 | D:1      | Reached XP level 1. HP: 14/14 MP: 1/1
     0 | D:1      | 0 ||| qw: Version: 0.2-a-29-g511e9b1
     0 | D:1      | 0 ||| qw: Game counter: 5923
     0 | D:1      | 0 ||| qw: Always use a shield: true
     0 | D:1      | 0 ||| qw: God list: Okawaru
     0 | D:1      | 0 ||| qw: Allow faded altars: false
     0 | D:1      | 0 ||| qw: Do Orc after D:15 true
     0 | D:1      | 0 ||| qw: Do second Lair branch before Depths: true
     0 | D:1      | 0 ||| qw: Lair rune preference: random
     0 | D:1      | 0 ||| qw: Plans: Normal, Zot:1-4, Slime:5, God:TSO, Crypt,
                  | Tomb, Abyss, Pan, Hells, Win
     0 | D:1      | 0 ||| PLANNING D:1-11
   176 | D:1      | Reached skill level 2 in Axes
   350 | D:1      | Reached XP level 2. HP: 19/19 MP: 2/2
   744 | D:1      | You fall into a shaft and drop 1 floor!
   837 | D:2      | 837 ||| UPGRADING to +0 cloak.
   842 | D:2      | 842 ||| DROPPING ring of wizardry.
   843 | D:2      | 843 ||| DROPPING ring of flight.
   844 | D:2      | 844 ||| READING scroll labelled CALOAB FIH ITUYRHI.
   845 | D:2      | 845 ||| READING scroll labelled ANOTE HEROCO.
   846 | D:2      | 846 ||| READING scroll labelled IWIXEA WECSATH.
   947 | D:2      | 947 ||| READING scroll labelled JADAKU MINYDEGEH.
  1326 | D:2      | Found a faded altar of an unknown god.
  1353 | D:2      | Reached skill level 3 in Axes
  1353 | D:2      | Reached XP level 3. HP: 23/23 MP: 3/3
  1437 | D:2      | 1437 ||| Stepping ~*~*~tactically~*~*~ (hiding).
  1849 | D:2      | 1849 ||| Stepping ~*~*~tactically~*~*~ (stealth).
  1866 | D:2      | 1866 ||| Stepping ~*~*~tactically~*~*~ (hiding).
  1868 | D:2      | 1868 ||| Stepping ~*~*~tactically~*~*~ (hiding).
  1876 | D:2      | Reached XP level 4. HP: 26/28 MP: 4/4
  1994 | D:2      | 1994 ||| UPGRADING to +0 plate armour.
  2004 | D:2      | 2004 ||| DROPPING +0 scale mail.
  2005 | D:2      | 2005 ||| UPGRADING to ring of willpower.
  2006 | D:2      | 2006 ||| READING scroll labelled ZEN BITSIUT FUVILE.
  2007 | D:2      | 2007 ||| READING scroll labelled SIQAYG FEMO.
  2008 | D:2      | 2008 ||| READING scroll labelled TAOWOLI XYMUPA.
  2008 | D:2      | Identified a scroll of acquirement
  2008 | D:2      | 2008 ||| ACQUIRING +0 broad axe of venom
  2008 | D:2      | Acquired a +0 broad axe of venom
  2010 | D:2      | 2010 ||| UPGRADING to +0 broad axe of venom.
  2011 | D:2      | 2011 ||| DROPPING +1 war axe.
  2012 | D:2      | 2012 ||| DRINKING 3 emerald potions.
  2033 | D:3      | Found a bloodstained altar of Trog.
  2103 | D:3      | 2103 ||| DROPPING +0 club.
  2166 | D:3      | Reached skill level 4 in Axes
  2291 | D:3      | Noticed Ijyb
  2292 | D:3      | 2292 ||| Stepping ~*~*~tactically~*~*~ (hiding).
  2295 | D:3      | 2295 ||| Stepping ~*~*~tactically~*~*~ (hiding).
  2305 | D:3      | Killed Ijyb
  2306 | D:3      | 2306 ||| Stepping ~*~*~tactically~*~*~ (stealth).
  2366 | D:3      | 2366 ||| Stepping ~*~*~tactically~*~*~ (stealth).
  2368 | D:3      | 2368 ||| Stepping ~*~*~tactically~*~*~ (stealth).
  2371 | D:3      | 2371 ||| Stepping ~*~*~tactically~*~*~ (stealth).
  2772 | D:3      | Found a hazy altar of Hepliaklqana.
  2779 | D:3      | 2779 ||| READING 2 scrolls labelled TEPTISTRUYGHA.
  2783 | D:3      | 2783 ||| READING scroll labelled ICROFRO LEPUO.
  2879 | D:4      | Reached XP level 5. HP: 32/32 MP: 5/5
  2882 | D:4      | Noticed a wyvern
  2886 | D:4      | Killed a wyvern
  2887 | D:4      | Reached skill level 5 in Axes
  2887 | D:4      | Reached XP level 6. HP: 37/37 MP: 6/6
  2914 | D:4      | 2914 ||| DROPPING +0 whip.
  2943 | D:4      | Reached skill level 1 in Throwing
  3028 | D:4      | 3028 ||| FLEEEEING.
  3029 | D:4      | 3029 ||| FLEEEEING.
  3030 | D:4      | 3030 ||| FLEEEEING.
  3031 | D:4      | 3031 ||| FLEEEEING.
  3032 | D:4      | 3032 ||| FLEEEEING.
  3033 | D:4      | 3033 ||| FLEEEEING.
  3034 | D:4      | 3034 ||| FLEEEEING.
  3035 | D:4      | 3035 ||| FLEEEEING.
  3036 | D:4      | 3036 ||| FLEEEEING.
  3107 | D:4      | 3107 ||| Stepping ~*~*~tactically~*~*~ (hiding).
  3113 | D:4      | Reached skill level 6 in Axes
  3298 | D:4      | 3298 ||| Stepping ~*~*~tactically~*~*~ (stealth).
  3299 | D:4      | 3299 ||| Stepping ~*~*~tactically~*~*~ (stealth).
  3300 | D:4      | 3300 ||| Stepping ~*~*~tactically~*~*~ (stealth).
  3413 | D:4      | Reached XP level 7. HP: 40/43 MP: 7/7
  3605 | D:4      | 3605 ||| UPGRADING to +0 pair of boots.
  3610 | D:4      | 3610 ||| READING scroll labelled GOIJALOINK.
  3641 | D:4      | 3641 ||| READING scroll labelled ICHEIR AHAFEP.
  3642 | D:4      | 3642 ||| READING scroll labelled TILEFOZIPP.
  3674 | D:5      | Entered Level 5 of the Dungeon
  3713 | D:5      | Reached skill level 7 in Axes
  3780 | D:5      | Reached XP level 8. HP: 39/50 MP: 8/8
  4043 | D:5      | Reached skill level 1 in Dodging
  4515 | D:5      | 4515 ||| Stepping ~*~*~tactically~*~*~ (stealth).
  4533 | D:5      | 4533 ||| DRINKING 2 sedimented yellow potions.
  4534 | D:5      | 4534 ||| DROPPING potion of degeneration.
  4603 | D:6      | 4603 ||| Stepping ~*~*~tactically~*~*~ (hiding).
  4612 | D:6      | 4612 ||| Stepping ~*~*~tactically~*~*~ (hiding).
  4619 | D:6      | Reached skill level 8 in Axes
  5011 | D:6      | 5011 ||| READING 2 scrolls of identify.
  5011 | D:6      | 5011 ||| IDENTIFYING sedimented coppery potion
  5012 | D:6      | 5012 ||| DROPPING potion of berserk rage.
  5129 | D:6      | Reached skill level 6 in Fighting
  5239 | D:6      | 5239 ||| Stepping ~*~*~tactically~*~*~ (hiding).
  5475 | D:6      | Reached XP level 9. HP: 55/55 MP: 9/9
  5668 | D:6      | 5668 ||| UPGRADING to +0 kite shield.
  5678 | D:6      | 5678 ||| DROPPING +0 buckler.
  5729 | D:7      | 5729 ||| FLEEEEING.
  5730 | D:7      | 5730 ||| STAIRDANCE
  5759 | D:7      | Found a white marble altar of Elyvilon.
  5795 | D:7      | 5795 ||| Stepping ~*~*~tactically~*~*~ (stealth).
  5796 | D:7      | 5796 ||| Stepping ~*~*~tactically~*~*~ (stealth).
  5797 | D:7      | 5797 ||| Stepping ~*~*~tactically~*~*~ (stealth).
  5810 | D:7      | 5810 ||| Stepping ~*~*~tactically~*~*~ (stealth).
  5815 | D:7      | 5815 ||| Stepping ~*~*~tactically~*~*~ (stealth).
  5837 | D:7      | HP: 12/55 [wight/+2 halberd (2)]
  5838 | D:7      | 5838 ||| READING 4 scrolls of teleportation.
  5838 | D:7      | HP: 4/55 [wight/+2 falchion (3)]
  5840 | D:7      | Slain by a wight

Levels and vault maps discovered:
D:1:      zelgadis_glass_arrival_small, layout_basic
D:2:      layout_loops_corners, basic_ecumenical_altar
D:3:      layout_basic, worldfamousw_hep_ancestral_shrine,
          mainiacjoe_overflow_alcove_1, grunt_decor_one_mirror, minivault_27,
          uniq_ijyb
D:4:      layout_loops_ring, chequers_serial_rivers_micro_d
D:5:      layout_layer_cave
D:6:      layout_basic
D:7:      layout_rooms, nicolae_overflow_hidden_temple, elyvilon_altar_5,
          lemuel_mausoleum_altar_yredelemnul, amcnicky_altar_gilded,
          kennysheep_little_box, minmay_temple_entry_slanted

Skill      XL: |  1  2  3  4  5  6  7  8  9 |
---------------+----------------------------+-----
Axes           | 2 3 4 5 6 7 8 |  8.6
Throwing       | 1 |  1.5
Fighting       | 4 5 6 |  6.1
Armour         | 4 5 |  5.0
Dodging        | 1 |  1.4
Shields        | 4 |  4.4

Action                     |  1- 3 |  4- 6 |  7- 9 || total
---------------------------+-------+-------+-------++-------
  Melee: War axe           |    94 |       |       ||    94
         Broad axe         |       |    66 |   153 ||   219
  Throw: Boomerang         |    23 |    44 |    44 ||   111
    Use: Scroll            |     4 |     5 |     5 ||    14
         Potion            |       |     1 |     1 ||     2
 Armour: Scale mail        |    38 |       |       ||    38
         Plate armour      |       |    49 |   102 ||   151
  Dodge: Dodged            |    39 |    12 |    35 ||    86
  Block: Buckler           |    21 |     7 |    20 ||    48
         Kite shield       |       |       |    16 ||    16

Table legend:
 A = Non-vault XP
 B = Vault XP
 C = Vault XP percentage of total XP
 D = Non-vault monster count
 E = Vault monster count
 F = Vault count percentage of total count
                 A         B        C        D         E       F
            +---------+---------+-------+---------+---------+-------
      Total |    2646 |      36 |   1.3 |     109 |       1 |   0.9
            +---------+---------+-------+---------+---------+-------
        D:1 |      19 |       0 |   0.0 |      12 |       0 |   0.0
        D:2 |      64 |       0 |   0.0 |      20 |       0 |   0.0
        D:3 |      39 |      36 |  48.0 |      14 |       1 |   6.7
        D:4 |     583 |       0 |   0.0 |      19 |       0 |   0.0
        D:5 |     824 |       0 |   0.0 |      13 |       0 |   0.0
        D:6 |     883 |       0 |   0.0 |      22 |       0 |   0.0
        D:7 |     234 |       0 |   0.0 |       9 |       0 |   0.0
            +---------+---------+-------+---------+---------+-------
